[Event "Early-Titled-Tuesday-Blitz-October-24-2023"]
[Site "Chess.com"]
[Date "2023.10.24"]
[Round "4"]
[White "Cayse"]
[Black "SashaKuzhilniy"]
[Result "1-0"]
[WhiteElo "2873"]
[BlackElo "2644"]
[TimeControl "180+1"]
[EndTime "8:34:51 PDT"]
[Termination "Cayse won by resignation"]

1. e4 g6 2. d4 Bg7 3. Nc3 d6 4.
f4 a6 5. Nf3 b5 6. Bd3 Nd7 7.
a4 b4 8. Ne2 c5 9. c3 bxc3 10.
bxc3 cxd4 11. cxd4 Ngf6 12. O-O O-O 13. Ng3 Bb7 14. f5 Rb8 15. Qe2 a5 16. Kh1 e5 17.
fxe6 fxe6 18. Ba3 Ne8 19. Bc4 Qe7 20. e5 Bd5 21. exd6 Qf6 22. Ne5 Qd8 23. Bxd5 exd5 24. Nc6 Rxf1+ 25. Rxf1 Qb6 26. Qe6+ Kh8 27. Nxb8 1-0

[Event "Early-Titled-Tuesday-Blitz-October-24-2023"]
[Site "Chess.com"]
[Date "2023.10.24"]
[Round "4"]
[White "Laico"]
[Black "ferrufino64"]
[Result "0-1"]
[WhiteElo "2387"]
[BlackElo "2206"]
[TimeControl "180+1"]
[EndTime "8:34:52 PDT"]
[Termination "ferrufino64 won by resignation"]

1. e4 c5 2. Nc3 d6 3. f4 Nc6 4.
Nf3 e6 5. Bb5 Ne7 6. d3 a6 7.
Bxc6+ Nxc6 8. O-O Be7 9. Be3 O-O 10. d4 cxd4 11. Nxd4 Bd7 12. Qd2 Qc7 13. Rad1 Rac8 14.
Kh1 b5 15. a3 Rfd8 16. f5 Ne5 17. Qf2 Ng4 18. Qg3 Nxe3 19. Qxe3 Bf6 20. Rf3 Qc5 21. fxe6 fxe6 22. Rxf6 gxf6 23. Rd3 Kh8 24. Nd5 exd5 25. Qh6 Rf8 26. Rg3 Rf7 27. c3 dxe4 0-1

[Event "Early-Titled-Tuesday-Blitz-October-24-2023"]
[Site "Chess.com"]
[Date "2023.10.24"]
[Round "4"]
[White "mind1mover"]
[Black "jaskol95"]
[Result "1-0"]
[WhiteElo "2809"]
[BlackElo "2560"]
[TimeControl "180+1"]
[EndTime "8:34:57 PDT"]
[Termination "mind1mover won by resignation"]

1. Nf3 d5 2. b3 c5 3. e3 Nf6 4.
Bb2 Nc6 5. Bb5 Bg4 6. Bxc6+ bxc6 7. h3 Bxf3 8. Qxf3 e6 9. d3 Be7 10. Nd2 O-O 11. O-O Nd7 12. e4 Bf6 13. Bxf6 Qxf6 14. Qxf6 Nxf6 15. Rae1 Rfe8 16. f4 a5 17.
a4 Rab8 18. g4 Kf8 19. Re2 e5 20. exd5 cxd5 21. fxe5 Nd7 22. e6 f6 23. g5 Kg8 24.
Rff2 Nf8 25. gxf6 Rxe6 26. f7+ Kh8 27. Rxe6 Nxe6 28. Re2 Nc7 29. Re7 1-0

[Event "Early-Titled-Tuesday-Blitz-October-24-2023"]
[Site "Chess.com"]
[Date "2023.10.24"]
[Round "4"]
[White "Ginzburg_Yakov"]
[Black "Slovak_fighter2000"]
[Result "1-0"]
[WhiteElo "2612"]
[BlackElo "2427"]
[TimeControl "180+1"]
[EndTime "8:34:57 PDT"]
[Termination "Ginzburg_Yakov won by resignation"]

1. d4 Nf6 2. Nf3 g6 3. c4 Bg7 4.
Nc3 O-O 5. e4 d6 6. Be2 Bg4 7.
O-O Nfd7 8. Be3 Nc6 9. d5 Bxf3 10. Bxf3 Na5 11. Be2 Bxc3 12. bxc3 e5 13. f4 exf4 14. Bxf4 Qe7 15. Bh6 Rfe8 16. Qd4 f6 17. Bg4 Nc5 18.
Rxf6 Qe5 19. Raf1 Nxe4 20. Qxe5 dxe5 21. Be6+ Kh8 22. Rf7 Nd6 23. Bg7+ Kg8 24. Re7+ Nf7 25. Rfxf7 1-0

[Event "Early-Titled-Tuesday-Blitz-October-24-2023"]
[Site "Chess.com"]
[Date "2023.10.24"]
[Round "4"]
[White "Kleyton_Lima"]
[Black "RETURNOFTHELAGGER"]
[Result "0-1"]
[WhiteElo "2502"]
[BlackElo "2667"]
[TimeControl "180+1"]
[EndTime "8:35:02 PDT"]
[Termination "RETURNOFTHELAGGER won by resignation"]

1. e4 c5 2. Nf3 d6 3. d4 cxd4 4. Nxd4 Nf6 5. Nc3 a6 6. Bg5 Nbd7 7. Qe2 h6 8. Bh4 g6 9. f4 Qc7 10. O-O-O e5 11. fxe5 dxe5 12. Nb3 b5 13. Nd5 Nxd5 14. exd5 Bd6 15. Qd2 Kf8 16. g4 Kg7 17. Qg2 Bb7 18. Bd3 Nb6 19. Be4 a5 20. Rhf1 Rhc8 21. Bf6+ Kg8 22. Qd2 Kh7 23. Rf3 Bf8 24. d6 Qd7 25.
Bxb7 Qxb7 26. Rh3 a4 27. Qxh6+ Bxh6+ 28. g5 Rxc2+ 29. Kxc2 Qg2+ 0-1

[Event "Early-Titled-Tuesday-Blitz-October-24-2023"]
[Site "Chess.com"]
[Date "2023.10.24"]
[Round "4"]
[White "wild3000"]
[Black "Giorno"]
[Result "1-0"]
[WhiteElo "2362"]
[BlackElo "2544"]
[TimeControl "180+1"]
[EndTime "8:35:08 PDT"]
[Termination "wild3000 won on time"]

1. d4 Nf6 2. Nf3 b6 3. g3 Bb7 4. Bg2 e6 5. O-O Be7 6. c4 O-O 7. Nc3 d5 8. cxd5 exd5 9. Bf4 a6 10. Rc1 Nbd7 11. Ne5 c5 12. Nxd7 Qxd7 13. dxc5 1-0

[Event "Early-Titled-Tuesday-Blitz-October-24-2023"]
[Site "Chess.com"]
[Date "2023.10.24"]
[Round "4"]
[White "Millerkallpa"]
[Black "victormago"]
[Result "0-1"]
[WhiteElo "2048"]
[BlackElo "2430"]
[TimeControl "180+1"]
[EndTime "8:35:08 PDT"]
[Termination "victormago won by resignation"]

1. e4 c5 2. Nf3 d6 3. d4 cxd4 4.
Nxd4 Nf6 5. Nc3 a6 6. Bg5 e6 7. f4 h6 8. Bh4 Be7 9. Qf3 Qc7 10. O-O-O Nbd7 11. Bd3 Rb8 12. Rhe1 b5 13. e5 dxe5 14. fxe5 Nxe5 15. Rxe5 Qxe5 16. Bg3 Qg5+ 17. Bf4 Bb7 18.
Qe3 Nd5 19. Nxd5 Bxd5 20. Bxg5 Bxg5 21. Re1 Bxe3+ 22. Rxe3 O-O 23. g3 Rfd8 0-1

[Event "Early-Titled-Tuesday-Blitz-October-24-2023"]
[Site "Chess.com"]
[Date "2023.10.24"]
[Round "4"]
[White "Chessy222222"]
[Black "Aslanov_Umid"]
[Result "0-1"]
[WhiteElo "2341"]
[BlackElo "2566"]
[TimeControl "180+1"]
[EndTime "8:35:16 PDT"]
[Termination "Aslanov_Umid won by resignation"]

1. e4 c5 2. Nf3 d6 3. d4 cxd4 4. Nxd4 Nf6 5. Nc3 a6 6. Be3 e5 7. Nb3 Be6 8. Be2 Be7 9. O-O O-O 10. f3 d5 11. exd5 Nxd5 12. Nxd5 Bxd5 13. Qd2 Nc6 14. Rad1 Be6 15. Qxd8 Rfxd8 16. Rxd8+ Rxd8 17. Rd1 Nb4 18. Rxd8+ Bxd8 19. Nc5 Bb6 20. Bf2 Nxc2 21. Nxe6 Bxf2+ 22. Kxf2 fxe6 23. Bd3 Nd4 24. Ke3 Kf7 25. Ke4 Kf6 26.
f4 Nc6 27. a3 exf4 28. Kxf4 g5+ 29. Ke4 h5 30. g3 Nd8 31. b4 Nf7 32. b5 Nd6+ 33.
Kd4 Nxb5+ 34. Bxb5 axb5 35. Kc5 e5 36. Kxb5 e4 37. Kc4 Ke5 0-1

[Event "Early-Titled-Tuesday-Blitz-October-24-2023"]
[Site "Chess.com"]
[Date "2023.10.24"]
[Round "4"]
[White "FoxOnTheRun97"]
[Black "yosephtaher"]
[Result "0-1"]
[WhiteElo "2543"]
[BlackElo "2778"]
[TimeControl "180+1"]
[EndTime "8:35:17 PDT"]
[Termination "yosephtaher won by resignation"]

1. d4 Nf6 2. Bg5 c5 3. d5 Qb6 4.
Nc3 Qxb2 5. Bd2 Qb6 6. e4 d6 7. f4 Qc7 8. Nf3 Bg4 9. Rb1 a6 10. a4 g6 11. Bc4 Bg7 12. h3 Bxf3 13. Qxf3 O-O 14. g4 Nbd7 15. O-O Nb6 16. Be2 c4 17. g5 Nfd7 18. h4 Nc5 19. h5 Nbxa4 20. Nxa4 Nxa4 21. Kg2 e6 22. hxg6 hxg6 23. dxe6 fxe6 24.
Rh1 Nc5 25. Bxc4 b5 26. Ba2 Rae8 27. Be3 Qc6 28. Bxc5 dxc5 29. c4 b4 30. Rbd1 e5 31. Bb1 Rxf4 32. Qh3 Qe6 33. Qh7+ Kf7 34. Rhf1 Qg4+ 0-1

[Event "Early-Titled-Tuesday-Blitz-October-24-2023"]
[Site "Chess.com"]
[Date "2023.10.24"]
[Round "4"]
[White "Daffidollchess2"]
[Black "CristianS27"]
[Result "0-1"]
[WhiteElo "2690"]
[BlackElo "2535"]
[TimeControl "180+1"]
[EndTime "8:35:21 PDT"]
[Termination "CristianS27 won by checkmate"]

1. e4 e5 2. Nf3 Nc6 3. Bb5 a6 4. Ba4 Nf6 5. O-O Nxe4 6. d4 exd4 7. Re1 d5 8. Nxd4 Bd6 9. Nxc6 Bxh2+ 10. Kf1 Qh4 11. Rxe4+ dxe4 12. Na5+ b5 13. Qd5 O-O 14. Qxa8 Bd6 15. Ke1 Rd8 16. c3 Qh1+ 17. Kd2 Bf4+ 18. Kc2 Qd1# 0-1

[Event "Early-Titled-Tuesday-Blitz-October-24-2023"]
[Site "Chess.com"]
[Date "2023.10.24"]
[Round "4"]
[White "vugarrasulov"]
[Black "blitzking1729"]
[Result "1-0"]
[WhiteElo "3005"]
[BlackElo "2807"]
[TimeControl "180+1"]
[EndTime "8:35:23 PDT"]
[Termination "vugarrasulov won by resignation"]

1. e4 c5 2. Nf3 e6 3. d4 cxd4 4. Nxd4 Nc6 5. Nc3 Qc7 6. Be3 a6 7. Qf3 Ne5 8. Qg3 h5 9. f4 h4 10.
Qh3 Nc4 11. Bxc4 Qxc4 12. O-O-O d6 13. Qf3 b5 14. e5 d5 15. Kb1 g6 16. f5 gxf5 17.
Nxf5 exf5 18. Nxd5 Bb7 19. Nf6+ Nxf6 20. Qxb7 Qe4 21. Qc7 Bb4 22. Rd4 Qxg2 23. Rg1 Qf3 24. exf6 Qxe3 25. Qc6+ 1-0

[Event "Early-Titled-Tuesday-Blitz-October-24-2023"]
[Site "Chess.com"]
[Date "2023.10.24"]
[Round "4"]
[White "Fandorine"]
[Black "MarijaKuznecova"]
[Result "1-0"]
[WhiteElo "2918"]
[BlackElo "2410"]
[TimeControl "180+1"]
[EndTime "8:35:27 PDT"]
[Termination "Fandorine won by resignation"]

1. Nf3 c5 2. g3 Nc6 3. Bg2 e5 4. d3 d6 5. O-O g6 6. c4 Bg7 7. Nc3 Nge7 8. Rb1 O-O 9. a3 a5 10. Ne1 f5 11. Nc2 Be6 12. Ne3 f4 13. Ned5 g5 14. b4 axb4 15. axb4 Ra7 16. Nxe7+ Qxe7 17. Nd5 Qf7 18. bxc5 dxc5 19. Bb2 g4 20. Be4 Nd4 21. Bxd4 cxd4 22. Rb6 Bf5 23. Bxf5 1-0

[Event "Early-Titled-Tuesday-Blitz-October-24-2023"]
[Site "Chess.com"]
[Date "2023.10.24"]
[Round "4"]
[White "Firouzja2003"]
[Black "Iball95"]
[Result "0-1"]
[WhiteElo "3084"]
[BlackElo "2843"]
[TimeControl "180+1"]
[EndTime "8:35:29 PDT"]
[Termination "Iball95 won on time"]

1. d4 d5 2. c4 e6 3. Nc3 c5 4. cxd5 cxd4 5. Qa4+ Bd7 6. Qxd4 exd5 7. Nf3 Nf6 8. Bg5 Be7 9. e3 Nc6 10. Qd3 Be6 11.
Be2 O-O 12. O-O h6 13. Bh4 Qb6 14. a3 Rfd8 15. b4 a6 16. Na4 Qa7 17. Rac1 g5 18. Bg3 Ne4 19. Nd4 Nxd4 20. exd4 Nxg3 21. fxg3 Rac8 22. Nc5 Bxc5 0-1

[Event "Early-Titled-Tuesday-Blitz-October-24-2023"]
[Site "Chess.com"]
[Date "2023.10.24"]
[Round "4"]
[White "Nyzhnyk_Illia"]
[Black "CFN_Good_Evening"]
[Result "1-0"]
[WhiteElo "2852"]
[BlackElo "1770"]
[TimeControl "180+1"]
[EndTime "8:35:37 PDT"]
[Termination "Nyzhnyk_Illia won by resignation"]

1. d4 Nf6 2. c4 e6 3. Nf3 d5 4.
Nc3 Be7 5. Bg5 O-O 6. Rc1 c6 7. e3 Nbd7 8. Qc2 Qa5 9. cxd5 Nxd5 10. Bxe7 Nxe7 11. Bd3 h6 12. O-O e5 13. Rfd1 exd4 14. Nxd4 Qh5 15. h3 Ne5 16. Be2 Qg6 17. f4 Qxc2 18.
Rxc2 N5g6 19. g4 f5 20. Kg2 fxg4 21. hxg4 h5 22. gxh5 Nh4+ 23. Kf2 Nef5 24. Nxf5 Bxf5 25. e4 Be6 26. f5 Nxf5 27. exf5 Bxf5 28. Rcd2 Bc2+ 29. Kg3 Bxd1 30. Rxd1 Rae8 31. Bd3 Kh8 32. Ne4 Rf5 33. Kg4 Rd5 34. Nf2 Re3 35. Kf4 Rh3 36.
Nxh3 Rd4+ 37. Ke5 Rd5+ 38. Ke6 Rxh5 39. Bg6 1-0

[Event "Early-Titled-Tuesday-Blitz-October-24-2023"]
[Site "Chess.com"]
[Date "2023.10.24"]
[Round "4"]
[White "Cheer_Down"]
[Black "mary-sanna"]
[Result "1-0"]
[WhiteElo "2444"]
[BlackElo "2210"]
[TimeControl "180+1"]
[EndTime "8:35:37 PDT"]
[Termination "Cheer_Down won by checkmate"]

1. e4 c5 2. Nf3 Nc6 3. Bb5 e5 4. O-O Bd6 5. c3 a6 6. Ba4 b5 7. Bc2 Nge7 8. a4 b4 9. d4 Qc7 10. d5 Nd8 11. a5 O-O 12. Nbd2 Ng6 13. Nc4 Nb7 14. h4 bxc3 15. bxc3 f6 16. h5 Nf4 17.
Bxf4 exf4 18. e5 Bxe5 19. Qd3 Kf7 20. Qxh7 Rg8 21. h6 d6 22. Qg6+ Kf8 23. h7 Rh8 24.
Rfe1 Qf7 25. Nh4 Bxc3 26. Qxf7+ Kxf7 27. Bg6+ Kf8 28. Re8# 1-0

[Event "Early-Titled-Tuesday-Blitz-October-24-2023"]
[Site "Chess.com"]
[Date "2023.10.24"]
[Round "4"]
[White "ssgm49"]
[Black "Sofia_Blokhin"]
[Result "0-1"]
[WhiteElo "1822"]
[BlackElo "2239"]
[TimeControl "180+1"]
[EndTime "8:35:37 PDT"]
[Termination "Sofia_Blokhin won by checkmate"]

1. e4 c5 2. c3 e6 3. Nf3 d5 4. exd5 exd5 5. d4 Nf6 6. Bb5+ Nc6 7. O-O Be7 8. Qa4 Bd7 9. Ne5 Rc8 10. Bxc6 Bxc6 11. Nxc6 Rxc6 12. Qxa7 O-O 13. Qxb7 Rb6 14. Qa7 cxd4 15. cxd4 Bd6 16. Qa4 Bxh2+ 17. Kxh2 Ng4+ 18. Kg1 Qh4 19. Bf4 Rh6 20. f3 Qh1# 0-1

[Event "Early-Titled-Tuesday-Blitz-October-24-2023"]
[Site "Chess.com"]
[Date "2023.10.24"]
[Round "4"]
[White "Maect19"]
[Black "Suleyman_Chess06"]
[Result "0-1"]
[WhiteElo "2279"]
[BlackElo "2604"]
[TimeControl "180+1"]
[EndTime "8:35:42 PDT"]
[Termination "Suleyman_Chess06 won by checkmate"]

1. d4 Nf6 2. Nf3 d5 3. e3 c6 4. Bd3 Bg4 5. O-O e6 6. Nbd2 Bd6 7. h3 Bh5 8. b3 Nbd7 9. Bb2 Qc7 10. c4 O-O 11. e4 dxe4 12. Nxe4 Nxe4 13. Bxe4 Nf6 14. Bc2 Rad8 15. Qd3 Bg6 16. Qe2 Rfe8 17. Rad1 Qa5 18. Bxg6 hxg6 19. Ba1 c5 20. dxc5 Qxc5 21. Bd4 Qc7 22. Qb2 e5 23. Bc3 e4 24. Nd4 a6 25. Ne2 e3 26. f4 Nh5 27. f5 Bh2+ 28. Kh1 Rxd1 29. Rxd1 Ng3+ 30. Nxg3 Bxg3 31. Qe2 gxf5 32. Be1 Bxe1 33. Rxe1 Qg3 34. Kg1 f4 35. Kf1 Rd8 36. Rd1 Rxd1+ 37. Qxd1 Qf2# 0-1

[Event "Early-Titled-Tuesday-Blitz-October-24-2023"]
[Site "Chess.com"]
[Date "2023.10.24"]
[Round "4"]
[White "Lion_DL"]
[Black "abelmat"]
[Result "1-0"]
[WhiteElo "2424"]
[BlackElo "1995"]
[TimeControl "180+1"]
[EndTime "8:35:42 PDT"]
[Termination "Lion_DL won by checkmate"]

1. d4 d5 2. c4 e6 3. Nc3 Nf6 4.
cxd5 exd5 5. Bg5 c6 6. e3 Bd6 7.
Qc2 O-O 8. Bd3 h6 9. Bh4 a5 10. Nf3 Na6 11. a3 Nc7 12. O-O Ne6 13. Ne5 Ng5 14.
f4 Ne6 15. Rae1 c5 16. Qf2 Be7 17. Bb1 Qb6 18. Bxf6 gxf6 19. Nxd5 Qd8 20. Nxe7+ Qxe7 21. Ng4 Ng7 22. Nxh6+ Kh8 23. Qh4 Be6 24. Ng4+ Kg8 25. Qh7# 1-0

[Event "Early-Titled-Tuesday-Blitz-October-24-2023"]
[Site "Chess.com"]
[Date "2023.10.24"]
[Round "4"]
[White "balachess2006"]
[Black "SlippperyWhenWet"]
[Result "1-0"]
[WhiteElo "2562"]
[BlackElo "2346"]
[TimeControl "180+1"]
[EndTime "8:35:43 PDT"]
[Termination "balachess2006 won by checkmate"]

1. Nf3 Nf6 2. c4 b6 3. g3 c5 4. Bg2 Bb7 5. O-O e6 6. Nc3 Be7 7. b3 d6 8. Bb2 Nbd7 9. Rc1 a6 10. e3 O-O 11. d4 cxd4 12. exd4 Rc8 13. Re1 Re8 14. h3 d5 15. Ne5 Ba8 16. cxd5 Nxd5 17. Nxd5 Bxd5 18. Rxc8 Qxc8 19. Bxd5 exd5 20. Qh5 Nxe5 21.
Qxe5 Kf8 22. Qxd5 Qxh3 23. Qe5 Qd7 24. d5 Bf6 25. Ba3+ Be7 26. d6 Bf6 27. Qxe8+ Qxe8 28. d7+ Qe7 29. Rxe7 Bxe7 30. d8=R# 1-0

[Event "Early-Titled-Tuesday-Blitz-October-24-2023"]
[Site "Chess.com"]
[Date "2023.10.24"]
[Round "4"]
[White "GrigorGrigorov"]
[Black "jasonbolivar"]
[Result "1-0"]
[WhiteElo "2897"]
[BlackElo "2233"]
[TimeControl "180+1"]
[EndTime "8:35:50 PDT"]
[Termination "GrigorGrigorov won on time"]

1. Nf3 Nf6 2. d4 d5 3. c4 g6 4. cxd5 Nxd5 5. e4 Nb6 6. h3 Bg7 7. Be2 O-O 8. O-O c6 9. Nc3 Be6 10. b3 a5 11. Be3 a4 12. Nxa4 Nxa4 13. bxa4 Qa5 14. Ng5 Bc8 15. Bc4 Qxa4 16. Bb3 Qa5 17. Qf3 e6 18. Qg3 Nd7 19. Qh4 h6 20. Nf3 Kh7 21. e5 Qd8 22. Bg5 Qa5 23. Be7 Re8 24. Ng5+ Kg8 25. Ne4 g5 26. Bxg5 hxg5 27. Nxg5 Nf8 28.
Rae1 1-0

[Event "Early-Titled-Tuesday-Blitz-October-24-2023"]
[Site "Chess.com"]
[Date "2023.10.24"]
[Round "4"]
[White "Sokoloco"]
[Black "js20000"]
[Result "1-0"]
[WhiteElo "2734"]
[BlackElo "2908"]
[TimeControl "180+1"]
[EndTime "8:35:53 PDT"]
[Termination "Sokoloco won by resignation"]

1. b3 e5 2. Bb2 Nc6 3. e3 Nf6 4. Nf3 Bd6 5. d4 exd4 6. exd4 O-O 7. Be2 Re8 8. O-O Bf8 9. d5 Nb8 10. c4 Bc5 11. Nc3 d6 12. Na4 Bg4 13. Nxc5 dxc5 14. Re1 Qd6 15. h3 Bxf3 16. Bxf3 Nbd7 17. g3 Rxe1+ 18.
Qxe1 Re8 19. Qd2 c6 20. Rd1 cxd5 21. Bxd5 Nxd5 22. Qxd5 Qxd5 23. Rxd5 Re7 24. Ba3 b6 25. b4 f6 26. bxc5 bxc5 27. Bxc5 Nxc5 28. Rxc5 Kf7 29. Kg2 Kg6 30. Kf3 Re1 31. Rc7 Rc1 32. Ke3 Rc3+ 33. Kd4 Ra3 34. c5 Rxa2 35. c6 Rc2 36. Kd5 Rd2+ 37.
Ke6 Re2+ 38. Kd7 Rd2+ 39. Kc8 Rxf2 40. Rxa7 Rf3 41. Ra4 h5 42. c7 Rc3 43. Rd4 Kf5 44. Kd7 Ke5 45. Rd6 Ke4 46. Rc6 Rd3+ 47. Ke7 1-0

[Event "Early-Titled-Tuesday-Blitz-October-24-2023"]
[Site "Chess.com"]
[Date "2023.10.24"]
[Round "4"]
[White "fen_fire"]
[Black "Drags95"]
[Result "0-1"]
[WhiteElo "2543"]
[BlackElo "2819"]
[TimeControl "180+1"]
[EndTime "8:35:53 PDT"]
[Termination "Drags95 won by resignation"]

1. Nf3 d5 2. c4 c6 3. e3 Nf6 4. b3 e6 5. Bb2 Bd6 6. Nc3 O-O 7. Qc2 b6 8. Be2 Bb7 9. O-O Nbd7 10. Rac1 Rc8 11.
cxd5 cxd5 12. Qb1 a6 13. Qa1 e5 14. d3 e4 15. Nd4 Ne5 16. dxe4 dxe4 17. Nf5 Nf3+ 18.
Bxf3 exf3 19. Nxd6 Qxd6 20. Na4 Qe6 21. Be5 fxg2 22.
Rfd1 Rxc1 23. Rxc1 Ne4 24. Bxg7 Ng5 25. f3 0-1

[Event "Early-Titled-Tuesday-Blitz-October-24-2023"]
[Site "Chess.com"]
[Date "2023.10.24"]
[Round "4"]
[White "GatoRojo150"]
[Black "Nick12772"]
[Result "1-0"]
[WhiteElo "2598"]
[BlackElo "2375"]
[TimeControl "180+1"]
[EndTime "8:35:57 PDT"]
[Termination "GatoRojo150 won on time"]

1. e4 e6 2. d4 d5 3. Nc3 Bb4 4. e5 c5 5. a3 Bxc3+ 6. bxc3 Ne7 7. Qg4 Kf8 8. Nh3 Qa5 9. Bd2 Qa4 10. Rc1 Nbc6 11. Nf4 Ng6 12. dxc5 Nxf4 13. Qxf4 Qa5 14. Bd3 Qxc5 15. O-O Bd7 16. Rb1 Na5 17. c4 Qc7 18. Bb4+ Kg8 19. Bd6 Qd8 20. cxd5 exd5 21. Qg3 Be6 22.
f4 Nc4 23. f5 Bd7 24. f6 g6 25. Qg5 Nxd6 26. exd6 Bc6 27. Rbe1 Qxd6 28. Re7 Re8 29. Qh6 1-0

[Event "Early-Titled-Tuesday-Blitz-October-24-2023"]
[Site "Chess.com"]
[Date "2023.10.24"]
[Round "4"]
[White "UK_23"]
[Black "Kostya0705"]
[Result "0-1"]
[WhiteElo "2393"]
[BlackElo "2624"]
[TimeControl "180+1"]
[EndTime "8:35:57 PDT"]
[Termination "Kostya0705 won by resignation"]

1. e4 c5 2. c3 d5 3. exd5 Qxd5 4. d4 Nf6 5. Nf3 e6 6. Be3 cxd4 7. Qxd4 Nc6 8. Qxd5 Nxd5 9. Bg5 f6 10. Bh4 e5 11. Nbd2 f5 12. Bb5 e4 13. Ne5 Bd7 14.
Nxd7 Kxd7 15. O-O-O Ke6 16. Bxc6 bxc6 17. Rhe1 Bc5 18.
g4 g6 19. Nc4 Rac8 20. Kc2 Rhe8 21. Bg5 Kf7 22. Re2 Kg7 23. gxf5 gxf5 24. Rg1 Kf7 25. Bh6 Rg8 26. Rxg8 Rxg8 27. Ne5+ Ke6 28. Nxc6 Rg2 29. Nd4+ Bxd4 30. cxd4 Rxh2 31. Bg7 e3 32. Be5 Rxf2 33. Kd1 Rf3 34. Rh2 f4 35. Rxh7 Kf5 36. Ke2 Ke4 37. Rh2 Ne7 38. Bb8 Nf5 39. Bxa7 Ng3+ 40. Kd1 Rf1+ 41. Kc2 e2 0-1

[Event "Early-Titled-Tuesday-Blitz-October-24-2023"]
[Site "Chess.com"]
[Date "2023.10.24"]
[Round "4"]
[White "Flameboard08"]
[Black "rocket10jan"]
[Result "1-0"]
[WhiteElo "2598"]
[BlackElo "2382"]
[TimeControl "180+1"]
[EndTime "8:36:02 PDT"]
[Termination "Flameboard08 won by resignation"]

1. f4 d5 2. Nf3 Nf6 3. d3 c5 4. g3 Nc6 5. Bg2 g6 6. O-O Bg7 7. Nbd2 O-O 8. e4 e6 9. c3 b5 10. e5 Nd7 11. d4 b4 12. h4 Qa5 13. Nb3 Qb6 14. Be3 cxd4 15. Nbxd4 Nxd4 16. Bxd4 Qb5 17. h5 Ba6 18. hxg6 hxg6 19. Rf2 bxc3 20. bxc3 Rfc8 21.
Ng5 Qd3 22. Qg4 Qf5 23. Qh4 Rab8 24. Bh3 Rb1+ 25. Kg2 Qd3 26. Rxb1 Qxb1 27. Bxe6 fxe6 28. Qh7+ Kf8 29. Nxe6+ Ke7 30. Nxg7 Qe4+ 31. Kh2 Rf8 32. Nf5+ Kd8 33. Qe7+ Kc7 34. Qd6+ 1-0

[Event "Early-Titled-Tuesday-Blitz-October-24-2023"]
[Site "Chess.com"]
[Date "2023.10.24"]
[Round "4"]
[White "YouJustFoundYourGodfather"]
[Black "Kotofeyca"]
[Result "1-0"]
[WhiteElo "2626"]
[BlackElo "2412"]
[TimeControl "180+1"]
[EndTime "8:36:05 PDT"]
[Termination "YouJustFoundYourGodfather won on time"]

1. f4 d5 2. Nf3 g6 3. g3 Bg7 4.
Bg2 Nd7 5. O-O e5 6. fxe5 Nxe5 7. Nxe5 Bxe5 8. e3 f5 9. c4 dxc4 10. Qa4+ c6 11. Qxc4 Qe7 12. Bxc6+ bxc6 13. Qxc6+ Kf7 14.
Qxa8 Bb7 15. Qxa7 Nf6 16. Nc3 Bxc3 17. bxc3 Qe4 18. Kf2 Ng4+ 19. Ke1 Nxh2 20. d3 Qg2 21. Rf2 Nf3+ 22. Rxf3 Qxf3 23. Rb1 Qh1+ 24. Kd2 Qg2+ 25. Kd1 Qf3+ 26. Kc2 1-0

[Event "Early-Titled-Tuesday-Blitz-October-24-2023"]
[Site "Chess.com"]
[Date "2023.10.24"]
[Round "4"]
[White "pankajfm"]
[Black "MunichMouse"]
[Result "0-1"]
[WhiteElo "2166"]
[BlackElo "2325"]
[TimeControl "180+1"]
[EndTime "8:36:05 PDT"]
[Termination "MunichMouse won by resignation"]

1. d4 Nf6 2. Bf4 g6 3. Nc3 d5 4. e3 Bg7 5. h4 h6 6. h5 g5 7. Bg3 c6 8. Bd3 Nbd7 9. f4 g4 10. Bh4 c5 11. Nge2 Qa5 12. Ng3 cxd4 13. exd4 e6 14. Qd2 Qb4 15. O-O-O Qxd4 16. f5 e5 17. Rhe1 O-O 18. Nb5 Qb6 19. Bxf6 Qxf6 20. Nc7 e4 21.
c3 exd3 22. Nxa8 Qc6 23. Qxd3 b6 24. Qxd5 Bb7 25. Qxc6 Bxc6 26. Nc7 Be5 27. Nd5 Bxd5 28.
Rxd5 Bxg3 29. Re4 Nf6 0-1

[Event "Early-Titled-Tuesday-Blitz-October-24-2023"]
[Site "Chess.com"]
[Date "2023.10.24"]
[Round "4"]
[White "Doomfist26"]
[Black "Kostukov_Alex"]
[Result "1-0"]
[WhiteElo "2631"]
[BlackElo "2427"]
[TimeControl "180+1"]
[EndTime "8:36:06 PDT"]
[Termination "Doomfist26 won by resignation"]

1. e4 c5 2. Nf3 g6 3. c4 Bg7 4.
d4 cxd4 5. Nxd4 Nc6 6. Be3 Nf6 7. Nc3 Nxd4 8. Bxd4 Qa5 9. Be2 O-O 10. O-O d6 11. f3 Be6 12. b3 Rfc8 13. Rc1 a6 14. Qe1 Nd7 15. Bxg7 Kxg7 16. f4 f6 17. f5 Bf7 18.
Qf2 g5 19. Bd1 b5 20. Nd5 Bxd5 21. exd5 bxc4 22. bxc4 Qc5 23. Qxc5 Rxc5 24. Be2 Ne5 25. Rb1 Rac8 26. Rb7 R8c7 27. Rfb1 Nxc4 28. Rxc7 Rxc7 29. Rc1 Rb7 30. Bxc4 Rb2 31. Bb3 a5 32. Rc2 Rb1+ 33.
Kf2 g4 34. Rc4 h5 35. Ra4 h4 36. Rxg4+ 1-0

[Event "Early-Titled-Tuesday-Blitz-October-24-2023"]
[Site "Chess.com"]
[Date "2023.10.24"]
[Round "4"]
[White "SharapovEvgeny"]
[Black "Pumpkin_in_moonlight"]
[Result "1-0"]
[WhiteElo "2616"]
[BlackElo "2368"]
[TimeControl "180+1"]
[EndTime "8:36:08 PDT"]
[Termination "SharapovEvgeny won on time"]

1. e4 e5 2. Nf3 Nc6 3. Bb5 a6 4. Ba4 Nf6 5. d3 d6 6. O-O Be7 7. h3 O-O 8. c3 h6 9. Re1 b5 10. Bb3 Na5 11. Bc2 c5 12. Nbd2 Re8 13. Nf1 Bf8 14. Ng3 Nc6 15. d4 Qc7 16. d5 Nd8 17.
Nh2 Nb7 18. a4 Bd7 19. Ng4 Nxg4 20. hxg4 c4 21. Nf5 Nc5 22. axb5 axb5 23. Rxa8 Rxa8 24. Qf3 Qd8 25. Qg3 Kh8 26. g5 Bxf5 27. exf5 h5 28. Qh4 g6 29. fxg6 fxg6 30. Bxg6 Kg8 31. Qxh5 Qe7 32.
Be3 Ra2 33. Bxc5 dxc5 34. Bf5 Rxb2 35. Be6+ 1-0

[Event "Early-Titled-Tuesday-Blitz-October-24-2023"]
[Site "Chess.com"]
[Date "2023.10.24"]
[Round "4"]
[White "Fraler15"]
[Black "mbachez"]
[Result "0-1"]
[WhiteElo "2258"]
[BlackElo "2467"]
[TimeControl "180+1"]
[EndTime "8:36:08 PDT"]
[Termination "mbachez won by resignation"]

1. e4 c6 2. d4 d5 3. Nc3 dxe4 4. Nxe4 Nf6 5. Nxf6+ exf6 6. c3 Bd6 7. Bd3 O-O 8. Qc2 Re8+ 9. Ne2 h5 10. Be3 Nd7 11.
O-O-O Nf8 12. Kb1 b5 13. Bc1 Be6 14. f4 a5 15. Ng3 b4 16. Nxh5 Bg4 17. Ng3 Bxd1 18.
Rxd1 bxc3 19. Qxc3 Qb8 20. Nf5 Bxf4 21. Bc4 Bxc1 22.
Rxc1 Qf4 23. Qd3 Rad8 24. Qc2 Ng6 25. Rf1 Qe4 26. Bd3 Qe1+ 27. Rxe1 Rxe1+ 28. Qc1 Rxc1+ 29. Kxc1 c5 30. a3 cxd4 31. b4 Ne5 32. Be4 axb4 33. axb4 Rb8 34. Ne7+ Kf8 35. Nd5 Nc6 36. b5 Rxb5 37.
Kd2 Ne5 0-1

[Event "Early-Titled-Tuesday-Blitz-October-24-2023"]
[Site "Chess.com"]
[Date "2023.10.24"]
[Round "4"]
[White "spotbet"]
[Black "zverr1"]
[Result "0-1"]
[WhiteElo "2317"]
[BlackElo "2511"]
[TimeControl "180+1"]
[EndTime "8:36:10 PDT"]
[Termination "zverr1 won by resignation"]

1. e4 c5 2. Nf3 g6 3. d4 cxd4 4. Qxd4 Nf6 5. e5 Nc6 6. Qd1 Nxe5 7. Nxe5 Qa5+ 8. Bd2 Qxe5+ 9. Be2 Bg7 10. Bc3 Qc7 11.
O-O O-O 12. Nd2 d5 13. f4 Qb6+ 14. Kh1 Bf5 15. Nf3 Ne4 16. Bxg7 Kxg7 17. Qd4+ Qxd4 18.
Nxd4 Rac8 19. c3 a6 20. g4 Bd7 21. Rad1 e6 22. g5 Rfd8 23. Kg2 Nd6 24. Nf3 Bb5 25. Kf2 Bxe2 26. Kxe2 Rc4 27. Ne5 Re4+ 28. Kf3 Nc4 29. Rb1 Nd2+ 0-1